 Dungeon Crawl Stone Soup version 0.28-a0-664-gc179e30c89 (webtiles) character file.

Game seed: 3861039421876043455

195 bande the Covered (level 5, 0/33 HPs)
             Began as a Gargoyle Fighter on Oct 16, 2021.
             Killed from afar by an orc wizard (9 damage)
             ... with a puff of flame
             ... on level 3 of the Dungeon.
             The game lasted 00:06:41 (2535 turns).

bande the Covered (Gargoyle Fighter)                Turns: 2535, Time: 00:06:42

Health: 0/33       AC: 11    Str: 26    XL:     5   Next: 74%
Magic:  5/5        EV: 10    Int:  9    God:
Gold:   71         SH:  4    Dex:  9    Spells: 4/4 levels left

rFire   . . .      SeeInvis .   a - +0 war axe
rCold   . . .      Faith    .   c - +0 buckler
rNeg    + . .      Spirit   .   b - +0 scale mail
rPois   ∞          Reflect  .   (no helmet)
rElec   +          Harm     .   (no cloak)
rCorr   .          Rampage  .   (no gloves)
Will    .....                   (no boots)
Stlth   ..........              (no amulet)
HPRegen 0.11/turn               g - +6 ring of strength
MPRegen 0.09/turn               (no ring)

@: no status effects
A: sickness immunity, AC +4, negative energy resistance 1, electricity
resistance, torment resistance 1, petrification resistance
a: no special abilities


You were on level 3 of the Dungeon.
You visited 1 branch of the dungeon, and saw 3 of its levels.

You collected 71 gold pieces.

Inventory:

Hand Weapons
 a - a +0 war axe (weapon)
Armour
 b - a +0 scale mail (worn)
 c - a +0 buckler (worn)
Jewellery
 g - a +6 ring of strength (left hand)
Wands
 k - a wand of digging (6)
Scrolls
 l - a scroll of identify
 m - a scroll of teleportation
Potions
 d - 2 potions of might
 e - a potion of cancellation
 f - 2 potions of curing
 h - a potion of lignification {unknown}
 i - a potion of berserk rage {unknown}
 j - a potion of magic {unknown}


   Skills:
 + Level 3.8 Fighting
 + Level 3.7 Axes
 + Level 4.4 Armour
 + Level 4.1 Shields


You had 4 spell levels left.
You didn't know any spells.
Your spell library contained the following spells:

 Spells                   Type           Power      Damage    Failure   Level
 Summon Small Mammal      Summ           0%         N/A       65%         1
 Call Canine Familiar     Summ           0%         N/A       95%         3
 Summon Guardian Golem    Hex/Summ       0%         N/A       95%         3
 Summon Forest            Summ/Tloc      0%         N/A       100%        5
 Eringya's Noxious Bog    Tmut/Pois      0%         N/A       100%        6
 Summon Hydra             Summ           0%         N/A       100%        7


Dungeon Overview and Level Annotations

Branches:
Dungeon (3/15)

Altars:


Innate Abilities, Weirdness & Mutations

You are immune to sickness and miasma.
Your stone body is resilient. (AC +4)
You are immune to poison.
You resist negative energy. (rN+)
You are resistant to electric shocks. (rElec)
You are resistant to unholy torment.
You are immune to petrification.


Message History

Unknown command.
You bump into the rock wall.
Something hits you but does no damage.
The orc priest hits you but does no damage.
You bump into the rock wall.
Something completely misses you.
The orc priest hits you but does no damage.
Unknown command.
You closely miss the orc priest.
The orc priest is heavily wounded.
You completely miss something.
You hear some strange, mumbled words.
You are more confused.
The orc priest hits you with a +0 club.
You bump into the rock wall.
You hear some strange, mumbled words.
A magic dart appears from out of thin air!
The magic dart hits you but does no damage.
The orc priest hits you but does no damage.
Unknown command.
You're too confused to move!
Something hits you. The orc priest closely misses you.
You bump into the rock wall.
The orc priest calls down the wrath of Beogh upon you.
Beogh smites you!
* * * LOW HITPOINT WARNING * * *
You barely miss something. Something hits you but does no damage.
You feel better.
You hear some strange, mumbled words.
A magic dart appears from out of thin air!
The magic dart hits you but does no damage.
The orc priest misses you.
You closely miss something. You hit the orc priest.
You hear some strange, mumbled words.
A puff of flame appears from out of thin air!
The puff of flame hits you!
* * * LOW HITPOINT WARNING * * *
The orc priest hits you but does no damage.
You hear some strange, mumbled words.
A puff of flame appears from out of thin air!
The puff of flame hits you!
You die...

#. #.# #..
#.####.#####
#..
#.....(†...#
#..
#!.###>###.#
#.. #..# #.#
#.# #..
.#.###.)###.#
#.# #..
..........).#
#.#####..
##.###{o#####
#.....<(.
#@.#
########.
#........
........
##.######
#######. #.#
## #.. # ####
# # # #


You could see an orc priest.

Vanquished Creatures
  An orc priest (D:3)
  An orc wizard (D:3)
  8 adders
  A worm (D:2)
  3 orcs (D:3)
  10 ball pythons
  7 endoplasms
  A giant cockroach (D:2)
  7 hobgoblins
  2 jackals (D:2)
  2 quokkas
  6 bats
  3 frilled lizards
  6 goblins
  A kobold (D:3)
  6 rats
65 creatures vanquished.

Vanquished Creatures (others)
  8 plants (D:1)
8 creatures vanquished.

Grand Total: 73 creatures vanquished

Notes
Turn   | Place    | Note
-------+----------+-------------------------------------------
     0 | D:1      | bande the Gargoyle Fighter began the quest for the Orb.
     0 | D:1      | Reached XP level 1. HP: 14/14 MP: 1/1
   218 | D:1      | Reached XP level 2. HP: 19/19 MP: 2/2
   864 | D:2      | Reached XP level 3. HP: 23/23 MP: 3/3
  1095 | D:2      | Reached XP level 4. HP: 22/28 MP: 4/4
  1773 | D:3      | Reached XP level 5. HP: 25/33 MP: 5/5
  2535 | D:3      | Killed from afar by an orc wizard

Illustrated notes

Levels and vault maps discovered:
D:1:      scummos_arrival_forest, layout_rooms, kennysheep_boxes
D:2:      layout_loops_ring
D:3:      wander_river, layout_loops_ring

Skill      XL: |  1  2  3  4  5 |
---------------+----------------+-----
Axes           | 2 3 |  3.7
Armour         | 4 |  4.4
Shields        | 4 |  4.1
Fighting       | |  3.8

Action                   |  1- 3 |  4- 6 || total
-------------------------+-------+-------++-------
Melee: War axe           |   110 |   149 ||   259
  Use: Scroll            |     3 |     3 ||     6
       Potion            |       |     1 ||     1
Armor: Scale mail        |    56 |   111 ||   167
Dodge: Dodged            |    65 |   101 ||   166
Block: Buckler           |    23 |    40 ||    63

Table legend: (Time is in decaauts)
 A = Elapsed time spent in this place.
 B = Non-inter-level travel time spent in this place.
 C = Inter-level travel time spent in this place.
 D = Time resting spent in this place.
 E = Time spent auto-exploring this place.
 F = Levels seen in this place.
 G = Mean time per level.
                   A        B        C        D        E       F      G
               +--------+--------+--------+--------+--------+-----+--------+
         Total |   2658 |   2658 |      0 |    184 |   1781 |   3 |  886.0 |
       Dungeon |   2658 |   2658 |      0 |    184 |   1781 |   3 |  886.0 |
               +--------+--------+--------+--------+--------+-----+--------+

Top non-repeatable levels by time:
     D:2: 918 daAuts
     D:1: 892 daAuts
     D:3: 847 daAuts
